AoeStats
← Jiro

Arena

509397822Analyzed
4v4 RM · 6d ago on Sep 26, 2026· 47m 58s· 8 players
Game mode
Random Map
Map size
Large (8 player)
Population
200
Speed
Normal
Resources
Standard
Victory
Conquest
Starting age
Dark Age
Ending age
Imperial Age
RankedLock teamsTeams togetherTeam positionsShared explorationLock speedFull tech treeHidden civsTurbo modeCheats
Victory
Defeat
🇺🇦 Italians · Ukraine
799
+17
🇹🇷 Teutons · Türkiye
794
+17
🇮🇪 Turks · Ireland
788
+17
🇦🇹 Spanish · Austria
727
+20
🇦🇷 Mongols · Argentina
874
-21
🇲🇽 Hindustanis · Mexico
805
-17
🇵🇪 Celts · Peru
787
-17
🇺🇸 Khmer · United States
784
-27
DvDCover1028
6:19 Loom
11:31 Feudal Age
12:51 Wheelbarrow
12:03 Town Watch
12:06 Horse Collar
16:02 Gold Mining
16:06 Stone Mining
17:12 Fletching
19:05 Double-Bit Axe
22:29 Castle Age
28:11 Bodkin Arrow
31:54 Heavy Plow
34:59 Bow Saw
38:49 Hand Cart
46:01 Imperial Age
43:44 Padded Archer Armor
Jiro
0:28 Loom
11:17 Feudal Age
11:56 Double-Bit Axe
11:54 Horse Collar
13:33 Wheelbarrow
12:44 Town Watch
15:38 Gold Mining
19:47 Castle Age
18:10 Stone Mining
20:53 Bow Saw
20:45 Heavy Plow
21:23 Stone Shaft Mining
24:08 Hand Cart
25:31 Pikeman
26:12 Squires
28:41 Fortified Wall
28:22 Heated Shot
28:42 Masonry
33:11 Imperial Age
32:01 Masonry
31:58 Arson
32:43 Town Patrol
37:23 Chemistry
36:43 Ballistics
36:09 Arrowslits
36:29 Siege Engineers
38:17 Elite Teutonic Knight
39:33 Hoardings
39:18 Scale Barding Armor
40:24 Chain Barding Armor
40:15 Forging
40:37 Crop Rotation
42:44 Two-Man Saw
44:09 Ironclad
43:20 Sappers
46:48 Crenellations
46:49 Conscription
46:12 Cavalier
47:34 Plate Barding Armor
47:35 Iron Casting
47:00 Scale Mail Armor
47:49 Paladin
He
0:28 Loom
11:20 Feudal Age
19:23 Castle Age
17:29 Double-Bit Axe
17:31 Horse Collar
18:02 Stone Mining
18:23 Gold Mining
31:32 Imperial Age
29:36 Heavy Plow
30:15 Wheelbarrow
30:18 Bow Saw
30:19 Fletching
30:30 Padded Archer Armor
30:55 Silk Road
31:15 Bodkin Arrow
31:46 Hand Cart
31:22 Town Watch
31:46 Treadmill Crane
32:30 Leather Archer Armor
32:27 Murder Holes
33:06 Crop Rotation
33:24 Fortified Wall
33:38 Conscription
33:38 Caravan
35:21 Ballistics
35:07 Bracer
35:44 Ring Archer Armor
36:01 Masonry
36:52 Chemistry
35:55 Town Patrol
37:00 Two-Man Saw
36:22 Guilds
36:49 Elite Genoese Crossbowman
40:47 Stone Shaft Mining
40:45 Architecture
41:50 Coinage
Vienna420
9:22 Loom
11:45 Feudal Age
14:41 Wheelbarrow
18:03 Castle Age
15:52 Arson
17:18 Horse Collar
17:27 Double-Bit Axe
17:35 Stone Mining
24:57 Gold Mining
25:46 Stone Shaft Mining
29:48 Imperial Age
27:53 Heavy Plow
28:19 Squires
33:02 Elite Conquistador
34:06 Conscription
34:09 Hand Cart
33:40 Town Watch
35:29 Bow Saw
35:37 Town Patrol
36:25 Pikeman
39:24 Two-Man Saw
38:28 Scale Mail Armor
38:38 Forging
41:03 Caravan
41:26 Halberdier
44:09 Chemistry
43:20 Scale Barding Armor
45:10 Ballistics
47:29 Coinage
47:10 Guilds
Scott
8:43 Feudal Age
18:56 Castle Age
18:42 Double-Bit Axe
18:39 Horse Collar
22:10 Heavy Plow
22:42 Bow Saw
24:36 Wheelbarrow
26:26 Gold Mining
26:26 Stone Mining
27:01 Hand Cart
28:57 Gold Shaft Mining
28:57 Stone Shaft Mining
mimotaker
0:55 Loom
2:29 Loom
11:09 Feudal Age
17:43 Castle Age
17:02 Double-Bit Axe
17:09 Horse Collar
19:11 Wheelbarrow
19:25 Bow Saw
20:11 Stone Mining
23:22 Bloodlines
23:29 Hand Cart
25:09 Town Watch
25:27 Heavy Plow
25:56 Fletching
28:56 Gold Mining
32:26 Padded Archer Armor
32:32 Scale Barding Armor
32:31 Scale Mail Armor
32:42 Forging
34:51 Grand Trunk Road
38:47 Imperial Age
37:15 Elite Skirmisher
39:14 Chain Barding Armor
39:40 Heavy Camel Rider
41:39 Two-Man Saw
40:24 Pikeman
42:36 Chemistry
41:57 Imperial Camel Rider
43:24 Plate Barding Armor
MiguelAngel
11:08 Feudal Age
12:31 Horse Collar
20:51 Castle Age
18:52 Double-Bit Axe
19:05 Stone Mining
19:06 Gold Mining
26:22 Imperial Age
25:05 Bow Saw
26:18 Stone Shaft Mining
27:18 Heavy Plow
29:14 Wheelbarrow
28:59 Caravan
29:59 Gold Shaft Mining
33:21 Hand Cart
32:54 Heavy Scorpion
35:25 Furor Celtica
35:36 Conscription
37:39 Elite Woad Raider
IP_HzX
0:31 Loom
0:34 Loom
12:57 Feudal Age
14:07 Double-Bit Axe
14:05 Horse Collar
15:49 Wheelbarrow
17:01 Gold Mining
17:03 Stone Mining
21:30 Castle Age
25:38 Hand Cart
27:04 Town Watch
29:15 Padded Archer Armor
31:47 Fletching
37:21 Imperial Age
35:21 Elite Skirmisher
36:47 Bow Saw
37:15 Gold Shaft Mining
37:15 Stone Shaft Mining
37:42 Nomads
37:52 Heavy Plow
39:20 Forging
39:16 Scale Barding Armor
42:48 Fortified Wall
43:53 Bodkin Arrow
44:51 Bracer
45:35 Elite Mangudai
46:37 Drill
46:37 Conscription
48:39 Chemistry
48:00 Ballistics
Connection lost

Rejoining the realm…

Still unreachable

The connection could not be restored.

Session expired

The server has moved on; the page needs a fresh start.